 Dungeon Crawl Stone Soup version 0.30.0-29-ga12c61a403 (webtiles) character file.

Game seed: 7336717421099465440

22749 qw the Cleaver (level 13, -11/82 HPs)
             Began as a Gargoyle Fighter on June 3, 2023.
             Was a High Priest of Okawaru.
             Mangled by Rupert
             ... wielding a +2 vampiric battleaxe
              (34 damage)
             ... on level 2 of the Lair of Beasts.
             The game lasted 00:06:28 (12251 turns).

qw the Cleaver (Gargoyle Fighter)                  Turns: 12251, Time: 00:06:29

Health: -11/82     AC: 34    Str: 24    XL:     13   Next: 2%
Magic:  14/20      EV:  9    Int: 10    God:    Okawaru [*****.]
Gold:   622        SH:  6    Dex:  9    Spells: 12/12 levels left

rFire   . . .        Y - +0 war axe (elec)
rCold   . . .        c - +0 buckler
rNeg    + . .        g - +1 plate armour
rPois   inf          (no helmet)
rElec   +            j - +2 cloak
rCorr   .            (no gloves)
SInv    .            i - +2 pair of boots
Will    +....        p - amulet of faith Stlth
                     o - ring of willpower
HPRegen 0.33/turn    (no ring)
MPRegen 0.17/turn

%: faith
@: heroic, finesse-ful
A: sickness immunity, AC +9, negative energy resistance 1, electricity
resistance, torment resistance 1, petrification resistance
a: Renounce Religion, Heroism, Finesse, Duel


You were on level 2 of the Lair of Beasts.
You worshipped Okawaru.
Okawaru was extremely pleased with you.
You visited 3 branches of the dungeon, and saw 14 of its levels.

You collected 937 gold pieces.
You spent 315 gold pieces at shops.


Innate Abilities, Weirdness & Mutations

You are immune to sickness and miasma.
Your stone body is resilient. (AC +9)
You are immune to poison.
You resist negative energy. (rN+)
You are resistant to electric shocks. (rElec)
You are resistant to unholy torment.
You are immune to petrification.


   Skills:
 - Level 10.0(15.0) Fighting
 - Level 13.1(18.1) Axes
 + Level 3.6(8.6) Throwing
 - Level 9.0(14.0) Armour
 - Level 2.4(7.4) Dodging
 - Level 6.1(11.1) Shields
 - Level 10.0 Invocations


You had 12 spell levels left.
You didn't know any spells.
Your spell library was empty.

Inventory:

Hand Weapons
 z - a +0 club
 Y - a +0 war axe of electrocution (weapon)
Missiles
 u - 2 javelins (quivered)
 w - 2 boomerangs
Armour
 c - a +0 buckler (worn)
 g - a +1 plate armour (worn)
 i - a +2 pair of boots (worn)
 j - a +2 cloak (worn)
Jewellery
 n - a ring of ice
 o - a ring of willpower (left hand)
 p - an amulet of faith (around neck)
 t - a ring of fire
 x - an amulet of reflection
Scrolls
 a - 10 scrolls of identify
 h - 5 scrolls of teleportation
Potions
 b - a potion of mutation
 d - 3 potions of might
 e - 5 potions of heal wounds
 f - 11 potions of curing
 k - 2 potions of lignification
 l - 4 potions of haste
 m - 2 potions of attraction
 q - a potion of resistance
 r - 2 potions of magic
 s - a potion of cancellation

Dungeon Overview and Level Annotations

Branches:
Dungeon (10/15)            Temple (1/1) D:4            Lair (3/5) D:10
  Swamp (0/4) Lair:2       Spider (0/4) Lair:2          Orc (0/2) D:10

Altars:
Ashenzari
Cheibriados
Dithmenos
Elyvilon
Fedhas
Gozag
Hepliaklqana
Kikubaaqudgha
Makhleb
Nemelex Xobeh
Okawaru
Qazlal
Ru
Sif Muna
Trog
Uskayaw
Vehumet
Wu Jian
Xom
Yredelemnul
Zin
The Shining One

Shops:
D:5 (   D:6 !   D:7 *   D:10 [(

Annotations:
D:3 1 runed translucent door, qw's ghost, amateur GrFi
Lair:2 Rupert


Message History

You slice the yak!!
The yak is heavily wounded.
You barely miss Rupert.
Rupert hits you with a +2 vampiric battleaxe!
You slash the yak!
The yak is almost dead.
You hit Rupert but do no damage. The yak gores you but does no damage.
You hit the yak. Lightning courses through the yak!!
You kill the yak!
Okawaru accepts your kill.
You closely miss Rupert.
Rupert hits you with a +2 vampiric battleaxe!!
You hit Rupert but do no damage. You hit Rupert but do no damage.
Rupert hits you but does no damage.
You slash Rupert! Lightning courses through Rupert!
Rupert is lightly wounded.
You barely miss Rupert.
Rupert is lightly wounded.
Rupert hits you but does no damage.
You hit Rupert but do no damage.
Rupert is lightly wounded.
You block Rupert's attack.
You hit Rupert but do no damage.
Rupert is lightly wounded.
You closely miss Rupert.
Rupert is lightly wounded.
Rupert barely misses you.
You hit Rupert.
Rupert is lightly wounded.
You hit Rupert but do no damage.
Rupert is lightly wounded.
You block Rupert's attack.
You hit Rupert but do no damage.
Rupert is lightly wounded.
You slash Rupert! Lightning courses through Rupert!!
Rupert is moderately wounded.
Rupert hits you with a +2 vampiric battleaxe!!
You die...

##.....P# ##.#........###..
##.......# ##.#.....)#..##P.
#.......P# #P.#......#.#....
#.#.....##### ###..+##.###......
###......#..###.................
#P.............................
##...........###.###...........
#...........%%....#...........
#.%........#@@......#...##.##.
#.<........#%##..##.#########.
#>..................# #.
##...................# #.
#...###.###...#.P#.#.# ##
#P..###.# ###.######.### ###
##..##..# ### #..#.######..
#..###>## ##..#.#.#.###
#.####..# ###### ##...........


You could see Rupert (berserk).

Vanquished Creatures
  A two-headed ogre (D:9)
  Nergalle (Lair:1)
  A bog body (Lair:2)
  An orange crystal statue (D:9)
  An obsidian statue (D:9)
  A centaur zombie (D:10)
  Maurice (D:8)
  3 elephants (Lair:1)
  2 torpor snails (Lair:2)
  5 cane toads
  2 rime drakes (Lair:2)
  A troll (D:9)
  3 hellwings (D:10)
  A hornet (D:9)
  Prince Ribbit (D:8)
  13 blink frogs (Lair:2)
  A slime creature (D:10)
  40 yaks
  2 wyverns (D:10)
  A basilisk (Lair:1)
  A steam dragon (D:7)
  9 water moccasins
  A hornet zombie (D:10)
  2 ice beasts
  A sky beast (D:6)
  4 black bears
  5 orc warriors
  3 wolves (Lair:2)
  A centaur (D:7)
  Blork the orc (D:5)
  5 kobold brigands
  6 bullfrogs
  4 scorpions
  16 wights
  15 killer bees
  2 howler monkeys
  3 hounds
  4 orc priests
  A gnoll bouda (D:10)
  Natasha (thrice) (D:2)
  8 iguanas
  4 orc wizards (D:9)
  A boggart skeleton (D:10)
  5 gnolls (D:10)
  8 adders
  2 white imps
  2 ufetubi
  4 worms
  5 dart slugs
  14 orcs
  13 bats
  11 endoplasms
  5 giant cockroaches
  4 hobgoblins
  3 jackals (D:2)
  5 quokkas
  8 ball pythons
  4 frilled lizards
  6 goblins
  30 kobolds
  9 rats
320 creatures vanquished.

Notes
Turn   | Place    | Note
-------+----------+-------------------------------------------
     0 | D:1      | qw the Gargoyle Fighter began the quest for the Orb.
     0 | D:1      | Reached XP level 1. HP: 14/14 MP: 1/1
     0 | D:1      | 0 ||| qw: Version: 0.2-a-103-g5a998e5
     0 | D:1      | 0 ||| qw: Game counter: 1063
     0 | D:1      | 0 ||| qw: Always use a shield: true
     0 | D:1      | 0 ||| qw: God list: Okawaru
     0 | D:1      | 0 ||| qw: Allow faded altars: false
     0 | D:1      | 0 ||| qw: Do Orc after D:15 true
     0 | D:1      | 0 ||| qw: Do second Lair branch before Depths: true
     0 | D:1      | 0 ||| qw: Lair rune preference: random
     0 | D:1      | 0 ||| qw: Plans: Normal, Zot:1-4, Slime:5, God:TSO, Crypt,
                  | Tomb, Pan, Hells, Abyss, Win
     0 | D:1      | 0 ||| PLANNING D:1-11
    60 | D:1      | Reached skill level 2 in Axes
    98 | D:1      | 98 ||| Stepping ~*~*~tactically~*~*~ (stealth).
   113 | D:1      | Reached XP level 2. HP: 19/19 MP: 2/2
   146 | D:1      | 146 ||| Stepping ~*~*~tactically~*~*~ (stealth).
   149 | D:1      | 149 ||| Stepping ~*~*~tactically~*~*~ (stealth).
   150 | D:1      | 150 ||| Stepping ~*~*~tactically~*~*~ (stealth).
   222 | D:1      | 222 ||| Stepping ~*~*~tactically~*~*~ (stealth).
   248 | D:1      | 248 ||| Stepping ~*~*~tactically~*~*~ (stealth).
   259 | D:1      | Reached skill level 3 in Axes
   265 | D:1      | 265 ||| Stepping ~*~*~tactically~*~*~ (stealth).
   288 | D:1      | Reached XP level 3. HP: 21/23 MP: 3/3
   536 | D:1      | 536 ||| DROPPING +0 whip.
   642 | D:1      | 642 ||| UPGRADING to +0 pair of boots.
   647 | D:1      | 647 ||| READING 2 scrolls labelled POACRI CINOCAL.
   648 | D:1      | 648 ||| READING 3 scrolls labelled RIUSASMOCH.
   649 | D:1      | 649 ||| READING 2 scrolls of enchant armour.
   649 | D:1      | 649 ||| ENCHANTING +0 pair of boots.
   650 | D:1      | 650 ||| READING scroll of enchant armour.
   650 | D:1      | 650 ||| ENCHANTING +1 pair of boots.
   651 | D:1      | 651 ||| READING scroll labelled NUFAIDW ATEMU.
   654 | D:1      | 654 ||| DRINKING 2 pink potions.
   655 | D:1      | 655 ||| DROPPING potion of degeneration.
   843 | D:2      | 843 ||| Stepping ~*~*~tactically~*~*~ (stealth).
   844 | D:2      | 844 ||| Stepping ~*~*~tactically~*~*~ (stealth).
   962 | D:2      | 962 ||| Stepping ~*~*~tactically~*~*~ (stealth).
   963 | D:2      | 963 ||| Stepping ~*~*~tactically~*~*~ (stealth).
   964 | D:2      | 964 ||| Stepping ~*~*~tactically~*~*~ (stealth).
  1068 | D:2      | 1068 ||| Stepping ~*~*~tactically~*~*~ (stealth).
  1101 | D:2      | Reached XP level 4. HP: 28/28 MP: 4/4
  1187 | D:2      | Identified the staff of fire "Avamuimp" {rF+ Will- Dex+5
                  | Stlth+}
  1238 | D:2      | Found a faded altar of an unknown god.
  1330 | D:2      | Reached skill level 4 in Axes
  1532 | D:2      | Noticed Natasha
  1538 | D:2      | Killed Natasha
  1617 | D:2      | Noticed Natasha
  1618 | D:2      | 1618 ||| Stepping ~*~*~tactically~*~*~ (stealth).
  1628 | D:2      | Killed Natasha
  1629 | D:2      | Reached XP level 5. HP: 14/32 MP: 5/5
  1752 | D:2      | Noticed Natasha
  1760 | D:2      | Killed Natasha
  1887 | D:2      | 1887 ||| READING scroll labelled BIMIUM YGGISS.
  1888 | D:2      | 1888 ||| DRINKING 3 fuming pink potions.
  1889 | D:2      | 1889 ||| READING 4 scrolls of identify.
  1889 | D:2      | 1889 ||| IDENTIFYING inky potion
  1890 | D:2      | 1890 ||| READING 3 scrolls of identify.
  1890 | D:2      | 1890 ||| IDENTIFYING coppery potion
  1891 | D:2      | 1891 ||| READING 2 scrolls of identify.
  1891 | D:2      | 1891 ||| IDENTIFYING fuming dark potion
  1892 | D:2      | 1892 ||| DROPPING potion of flight.
  1893 | D:2      | 1893 ||| DROPPING potion of invisibility.
  1973 | D:3      | Reached skill level 5 in Axes
  2249 | D:3      | 2249 ||| Stepping ~*~*~tactically~*~*~ (hiding).
  2427 | D:3      | Found a runed translucent door.
  2431 | D:3      | Noticed qw's ghost (amateur GrFi)
  2436 | D:3      | 2436 ||| Stepping ~*~*~tactically~*~*~ (hiding).
  2439 | D:3      | 2439 ||| Stepping ~*~*~tactically~*~*~ (hiding).
  2649 | D:3      | 2649 ||| Stepping ~*~*~tactically~*~*~ (hiding).
  2896 | D:3      | Found a glowing golden altar of the Shining One.
  2951 | D:3      | 2951 ||| UPGRADING to +0 chain mail.
  2961 | D:3      | 2961 ||| DROPPING +0 scale mail.
  2962 | D:3      | 2962 ||| DROPPING amulet of magic regeneration.
  2963 | D:3      | 2963 ||| READING scroll labelled IPOMNYI NAIMAC.
  2964 | D:3      | 2964 ||| READING scroll labelled GISAN FY COST.
  2965 | D:3      | 2965 ||| READING scroll labelled QYDEHU HAGUSA.
  2966 | D:3      | 2966 ||| READING scroll labelled ORANAF VOBLUWNU.
  2967 | D:3      | 2967 ||| READING scroll labelled RAN OROHUOFORI.
  2968 | D:3      | 2968 ||| READING 3 scrolls of identify.
  2968 | D:3      | 2968 ||| IDENTIFYING murky red potion
  2969 | D:3      | 2969 ||| READING 2 scrolls of identify.
  2969 | D:3      | 2969 ||| IDENTIFYING dark potion
  2970 | D:3      | 2970 ||| DROPPING potion of berserk rage.
  3063 | D:4      | 3063 ||| Stepping ~*~*~tactically~*~*~ (stealth).
  3122 | D:4      | Reached XP level 6. HP: 33/38 MP: 6/6
  3142 | D:4      | 3142 ||| Stepping ~*~*~tactically~*~*~ (stealth).
  3143 | D:4      | 3143 ||| Stepping ~*~*~tactically~*~*~ (stealth).
  3156 | D:4      | 3156 ||| Stepping ~*~*~tactically~*~*~ (stealth).
  3157 | D:4      | 3157 ||| Stepping ~*~*~tactically~*~*~ (stealth).
  3299 | D:4      | 3299 ||| Stepping ~*~*~tactically~*~*~ (stealth).
  3325 | D:4      | Found a staircase to the Ecumenical Temple.
  3326 | D:4      | 3326 ||| PLANNING TEMPLE
  3326 | D:4      | 3326 ||| UPGRADING to +0 cloak.
  3331 | D:4      | 3331 ||| READING scroll of enchant armour.
  3331 | D:4      | 3331 ||| ENCHANTING +0 cloak.
  3340 | Temple   | Entered the Ecumenical Temple
  3504 | Temple   | 3504 ||| PLANNING OKAWARU WORSHIP
  3564 | Temple   | Became a worshipper of Warmaster Okawaru
  3564 | Temple   | 3564 ||| PLANNING D:1-11
  3921 | D:4      | 3921 ||| READING scroll labelled IHOLA ICONO.
  3922 | D:4      | 3922 ||| DROPPING +1 mace of protection.
  3923 | D:4      | 3923 ||| READING 3 scrolls of identify.
  3923 | D:4      | 3923 ||| IDENTIFYING red potion
  3924 | D:4      | 3924 ||| READING 2 scrolls of identify.
  3924 | D:4      | 3924 ||| IDENTIFYING lumpy purple potion
  3944 | D:5      | Entered Level 5 of the Dungeon
  4030 | D:5      | Noticed Blork the orc
  4042 | D:5      | Killed Blork the orc
  4043 | D:5      | Reached skill level 6 in Axes
  4129 | D:5      | Reached skill level 1 in Dodging
  4129 | D:5      | Reached XP level 7. HP: 32/43 MP: 7/7
  4179 | D:5      | 4179 ||| Stepping ~*~*~tactically~*~*~ (stealth).
  4191 | D:5      | Reached * piety under Okawaru
  4192 | D:5      | 4192 ||| INVOKING Heroism.
  4199 | D:5      | Reached skill level 1 in Invocations
  4203 | D:5      | 4203 ||| INVOKING Heroism.
  4203 | D:5      | HP: 2/43 [wight/+0 great sword (9)]
  4204 | D:5      | 4204 ||| READING scroll of teleportation.
  4205 | D:5      | 4205 ||| DRINKING potion of heal wounds.
  4210 | D:5      | Reached skill level 7 in Axes
  4278 | D:5      | 4278 ||| Stepping ~*~*~tactically~*~*~ (stealth).
  4280 | D:5      | 4280 ||| Stepping ~*~*~tactically~*~*~ (stealth).
  4288 | D:5      | 4288 ||| Stepping ~*~*~tactically~*~*~ (stealth).
  4290 | D:5      | 4290 ||| Stepping ~*~*~tactically~*~*~ (stealth).
  4291 | D:5      | 4291 ||| Stepping ~*~*~tactically~*~*~ (stealth).
  4292 | D:5      | 4292 ||| Stepping ~*~*~tactically~*~*~ (stealth).
  4293 | D:5      | 4293 ||| Stepping ~*~*~tactically~*~*~ (stealth).
  4294 | D:5      | 4294 ||| Stepping ~*~*~tactically~*~*~ (stealth).
  4295 | D:5      | 4295 ||| Stepping ~*~*~tactically~*~*~ (stealth).
  4347 | D:5      | 4347 ||| Stepping ~*~*~tactically~*~*~ (hiding).
  4499 | D:5      | Reached XP level 8. HP: 42/48 MP: 8/10
  4515 | D:5      | 4515 ||| Stepping ~*~*~tactically~*~*~ (stealth).
  4632 | D:5      | Found Vahoheq's Weapon Shoppe.
  4704 | D:5      | 4704 ||| DROPPING +6 ring of intelligence.
  4705 | D:5      | 4705 ||| READING 2 scrolls of identify.
  4705 | D:5      | 4705 ||| IDENTIFYING puce potion
  4735 | D:6      | 4735 ||| Stepping ~*~*~tactically~*~*~ (hiding).
  4823 | D:6      | 4823 ||| INVOKING Heroism.
  4831 | D:6      | Reached skill level 3 in Invocations
  4921 | D:6      | Found Lumo's Distillery.
  4928 | D:6      | 4928 ||| BUYING 2 potions of curing (84 gold).
  4928 | D:6      | Bought 2 potions of curing for 84 gold pieces
  4928 | D:6      | 4928 ||| BUYING 2 potions of heal wounds (140 gold).
  4928 | D:6      | Bought 2 potions of heal wounds for 140 gold pieces
  4928 | D:6      | 4928 ||| SHOPLISTING potion of curing (42 gold, have 14).
  4928 | D:6      | 4928 ||| SHOPLISTING potion of heal wounds (70 gold, have
                  | 14).
  4928 | D:6      | 4928 ||| SHOPLISTING potion of might (56 gold, have 14).
  4928 | D:6      | 4928 ||| SHOPLISTING potion of mutation (112 gold, have
                  | 14).
  4934 | D:6      | 4934 ||| Stepping ~*~*~tactically~*~*~ (stealth).
  5506 | D:6      | 5506 ||| READING 3 scrolls of identify.
  5506 | D:6      | 5506 ||| IDENTIFYING metallic sapphire potion
  5545 | D:7      | Found Onofunel's Assorted Antiques.
  5546 | D:7      | 5546 ||| Stepping ~*~*~tactically~*~*~ (hiding).
  5556 | D:7      | Reached skill level 8 in Axes
  5561 | D:7      | Reached ** piety under Okawaru
  5573 | D:7      | Reached skill level 6 in Fighting
  5580 | D:7      | Reached XP level 9. HP: 40/55 MP: 12/12
  5636 | D:7      | 5636 ||| BUYING sapphire potion (29 gold).
  5636 | D:7      | Bought a sapphire potion for 29 gold pieces
  5636 | D:7      | 5636 ||| BUYING scroll labelled JYRCHY SELAI (33 gold).
  5636 | D:7      | Bought a scroll labelled JYRCHY SELAI for 33 gold pieces
  5636 | D:7      | 5636 ||| SHOPLISTING scroll of brand weapon (313 gold, have
                  | 30).
  5636 | D:7      | 5636 ||| SHOPLISTING scroll of teleportation (99 gold, have
                  | 30).
  5636 | D:7      | 5636 ||| BUYING viscous red potion (29 gold).
  5636 | D:7      | Bought a viscous red potion for 29 gold pieces
  5704 | D:7      | 5704 ||| INVOKING Heroism.
  5728 | D:7      | 5728 ||| Stepping ~*~*~tactically~*~*~ (stealth).
  5730 | D:7      | 5730 ||| Stepping ~*~*~tactically~*~*~ (stealth).
  5731 | D:7      | 5731 ||| Stepping ~*~*~tactically~*~*~ (stealth).
  5738 | D:7      | 5738 ||| INVOKING Heroism.
  5805 | D:7      | 5805 ||| Stepping ~*~*~tactically~*~*~ (hiding).
  5813 | D:7      | 5813 ||| Stepping ~*~*~tactically~*~*~ (hiding).
  5822 | D:7      | Reached skill level 9 in Axes
  5825 | D:7      | 5825 ||| INVOKING Heroism.
  5989 | D:7      | 5989 ||| Stepping ~*~*~tactically~*~*~ (hiding).
  5995 | D:7      | 5995 ||| INVOKING Heroism.
  6008 | D:7      | 6008 ||| Stepping ~*~*~tactically~*~*~ (cloud).
  6314 | D:7      | 6314 ||| READING scroll labelled JYRCHY SELAI.
  6315 | D:7      | 6315 ||| DRINKING 2 sapphire potions.
  6316 | D:7      | 6316 ||| READING 3 scrolls of identify.
  6316 | D:7      | 6316 ||| IDENTIFYING viscous red potion
  6317 | D:7      | 6317 ||| DROPPING potion of brilliance.
  6388 | D:8      | 6388 ||| Stepping ~*~*~tactically~*~*~ (stealth).
  6389 | D:8      | 6389 ||| Stepping ~*~*~tactically~*~*~ (stealth).
  6496 | D:8      | 6496 ||| Stepping ~*~*~tactically~*~*~ (stealth).
  6503 | D:8      | 6503 ||| INVOKING Heroism.
  6781 | D:8      | Noticed Prince Ribbit
  6782 | D:8      | 6782 ||| INVOKING Heroism.
  6795 | D:8      | Killed Prince Ribbit
  6920 | D:8      | Reached skill level 10 in Axes
  7013 | D:8      | Reached XP level 10. HP: 63/63 MP: 13/13
  7138 | D:8      | Noticed Maurice
  7139 | D:8      | 7139 ||| Stepping ~*~*~tactically~*~*~ (hiding).
  7167 | D:8      | 7167 ||| DRINKING 12 potions of curing.
  7167 | D:8      | 7167 ||| (to cure confusion)
  7172 | D:8      | 7172 ||| DRINKING 11 potions of curing.
  7172 | D:8      | 7172 ||| (to cure confusion)
  7173 | D:8      | Killed Maurice
  7173 | D:8      | Reached *** piety under Okawaru
  7334 | D:8      | You fall into a shaft and drop 2 floors!
  7334 | D:10     | Entered Level 10 of the Dungeon
  7422 | D:10     | 7422 ||| INVOKING Heroism.
  7497 | D:10     | 7497 ||| UPGRADING to +2 cloak.
  7511 | D:10     | 7511 ||| INVOKING Heroism.
  7623 | D:10     | 7623 ||| DROPPING +1 cloak.
  7626 | D:10     | Found the +4 Cigotuvi's embrace {Corpsefed rMiasma Drain
                  | rN+}
  7638 | D:10     | 7638 ||| INVOKING Heroism.
  7829 | D:10     | 7829 ||| UPGRADING to ring of willpower.
  7851 | D:10     | Reached skill level 11 in Axes
  7853 | D:10     | 7853 ||| INVOKING Heroism.
  7864 | D:10     | Reached skill level 6 in Armour
  7885 | D:10     | 7885 ||| FLEEEEING.
  7886 | D:10     | 7886 ||| FLEEEEING.
  7887 | D:10     | 7887 ||| FLEEEEING.
  7888 | D:10     | 7888 ||| STAIRDANCE
  7890 | D:9      | 7890 ||| INVOKING Heroism.
  8054 | D:9      | 8054 ||| Stepping ~*~*~tactically~*~*~ (stealth).
  8056 | D:9      | 8056 ||| INVOKING Heroism.
  8071 | D:9      | Reached skill level 9 in Fighting
  8078 | D:9      | Reached **** piety under Okawaru
  8121 | D:9      | Noticed an obsidian statue
  8122 | D:9      | 8122 ||| INVOKING Heroism.
  8145 | D:9      | Killed an obsidian statue
  8146 | D:9      | Reached XP level 11. HP: 69/71 MP: 14/14
  8151 | D:9      | 8151 ||| UPGRADING to +0 plate armour.
  8161 | D:9      | 8161 ||| DROPPING +0 chain mail.
  8406 | D:9      | 8406 ||| INVOKING Heroism.
  8543 | D:9      | 8543 ||| INVOKING Heroism.
  8720 | D:9      | Noticed a two-headed ogre
  8721 | D:9      | 8721 ||| INVOKING Heroism.
  8735 | D:9      | Killed a two-headed ogre
  8846 | D:9      | 8846 ||| INVOKING Heroism.
  9055 | D:9      | Noticed an orange crystal statue
  9056 | D:9      | 9056 ||| INVOKING Heroism.
  9066 | D:9      | 9066 ||| DRINKING 10 potions of curing.
  9066 | D:9      | 9066 ||| (to cure confusion)
  9076 | D:9      | Killed an orange crystal statue
  9230 | D:9      | 9230 ||| UPGRADING to amulet of faith.
  9235 | D:9      | 9235 ||| READING scroll labelled FITHOG ATHRYES.
  9236 | D:9      | 9236 ||| READING scroll labelled KYL FAISAWN.
  9343 | D:10     | 9343 ||| Stepping ~*~*~tactically~*~*~ (stealth).
  9434 | D:10     | 9434 ||| READING scroll of enchant armour.
  9434 | D:10     | 9434 ||| ENCHANTING +0 plate armour.
  9445 | D:10     | Found a staircase to the Lair.
  9463 | D:10     | 9463 ||| INVOKING Heroism.
  9477 | D:10     | Reached skill level 6 in Invocations
  9494 | D:10     | 9494 ||| Stepping ~*~*~tactically~*~*~ (stealth).
  9523 | D:10     | 9523 ||| INVOKING Heroism.
  9551 | D:10     | 9551 ||| Stepping ~*~*~tactically~*~*~ (stealth).
  9552 | D:10     | 9552 ||| INVOKING Heroism.
  9761 | D:10     | Found Daynleaf's Weapon Emporium.
  9763 | D:10     | Found a staircase to the Orcish Mines.
  9765 | D:10     | Found Inuym's Armour Emporium.
  9775 | D:10     | 9775 ||| SHOPLISTING +0 gold dragon scales (1040 gold, have
                  | 395).
  9893 | D:10     | 9893 ||| PLANNING LAIR
  9937 | Lair:1   | Entered Level 1 of the Lair of Beasts
 10057 | Lair:1   | 10057 ||| Stepping ~*~*~tactically~*~*~ (hiding).
 10163 | Lair:1   | Reached skill level 1 in Throwing
 10279 | Lair:1   | Noticed Nergalle
 10280 | Lair:1   | 10280 ||| Stepping ~*~*~tactically~*~*~ (stealth).
 10281 | Lair:1   | 10281 ||| INVOKING Heroism.
 10294 | Lair:1   | 10294 ||| Stepping ~*~*~tactically~*~*~ (hiding).
 10320 | Lair:1   | 10320 ||| INVOKING Heroism.
 10321 | Lair:1   | HP: 9/70 [spectral orc knight/+0 glaive[Nergalle] (11)]
 10322 | Lair:1   | 10322 ||| READING 3 scrolls of teleportation.
 10322 | Lair:1   | HP: 2/70 [spectral orc knight/+0 glaive[Nergalle] (4)]
 10323 | Lair:1   | 10323 ||| DRINKING 4 potions of heal wounds.
 10447 | Lair:1   | 10447 ||| INVOKING Heroism.
 10452 | Lair:1   | Reached skill level 3 in Throwing
 10452 | Lair:1   | Reached XP level 12. HP: 72/76 MP: 14/17
 10530 | Lair:1   | 10530 ||| INVOKING Heroism.
 10547 | Lair:1   | Killed Nergalle
 10548 | Lair:1   | Reached skill level 12 in Axes
 10615 | Lair:1   | 10615 ||| READING scroll of brand weapon.
 10615 | Lair:1   | 10615 ||| BRANDING +0 war axe of flaming.
 10855 | Lair:1   | 10855 ||| READING scroll labelled LIRCHUNWOI.
 10876 | Lair:2   | 10876 ||| INVOKING Heroism.
 10881 | Lair:2   | Reached skill level 6 in Shields
 10910 | Lair:2   | Received a gift from Okawaru
 10911 | Lair:2   | Reached skill level 9 in Invocations
 11040 | Lair:2   | Reached skill level 9 in Armour
 11118 | Lair:2   | Reached ***** piety under Okawaru
 11186 | Lair:2   | 11186 ||| INVOKING Heroism.
 11204 | Lair:2   | Identified the +1 quarterstaff of Doubt {venom, Fly Int+2}
                  | (Okawaru gifted it to you on level 2 of the Lair of Beasts)
 11204 | Lair:2   | Received a gift from Okawaru
 11390 | Lair:2   | Found a staircase to the Swamp.
 11467 | Lair:2   | 11467 ||| INVOKING Heroism.
 11600 | Lair:2   | 11600 ||| Stepping ~*~*~tactically~*~*~ (stealth).
 11603 | Lair:2   | 11603 ||| Stepping ~*~*~tactically~*~*~ (stealth).
 11622 | Lair:2   | 11622 ||| FLEEEEING.
 11623 | Lair:2   | 11623 ||| FLEEEEING.
 11624 | Lair:2   | 11624 ||| FLEEEEING.
 11625 | Lair:2   | 11625 ||| FLEEEEING.
 11871 | Lair:2   | 11871 ||| Stepping ~*~*~tactically~*~*~ (stealth).
 11882 | Lair:2   | Found a hole to the Spider Nest.
 11883 | Lair:2   | 11883 ||| INVOKING Heroism.
 11901 | Lair:2   | Reached skill level 13 in Axes
 12127 | Lair:2   | 12127 ||| DROPPING orb of energy.
 12146 | Lair:2   | 12146 ||| DROPPING amulet of the acrobat.
 12176 | Lair:3   | 12176 ||| STAIRDANCE
 12179 | Lair:2   | Reached XP level 13. HP: 65/82 MP: 20/20
 12232 | Lair:3   | Noticed Rupert
 12233 | Lair:3   | 12233 ||| STAIRDANCE
 12235 | Lair:2   | 12235 ||| INVOKING Heroism.
 12236 | Lair:2   | 12236 ||| INVOKING Finesse.
 12251 | Lair:2   | Mangled by Rupert

Levels and vault maps discovered:
D:1:      lightli_arrival_lavapool, layout_rooms, st_stairs_3, minmay_cut_off
D:2:      layout_loops_corners, shapermc_ecumenical_altar_hornbeckon,
          minmay_pentomino_r4, uniq_natasha
D:3:      layout_loops_cross, mainiacjoe_overflow_alcove_2,
          ebering_ghost_sewer_d, grunt_decor_cap, minmay_misc_feat_pillars,
          corexii_item_surrounded_by_moat, mrwooster_statue_mirror,
          dreamdust_princess_corridor, solitary_fountain
D:4:      layout_basic, minmay_temple_entry_waves
D:5:      layout_rooms, serial_shops, nicolae_shop_peninsula, uniq_blork_the_orc
D:6:      layout_gridville, serial_shops, nicolae_shop_tiny_statue_garden
D:7:      layout_rooms, nicolae_stop_n_shop_1
D:8:      layout_gridville, uniq_maurice, uniq_prince_ribbit1
D:9:      minmay_separated_statues, layout_gridville
D:10:     layout_long_grid, due_lair_maze_entry_diamond, orc_david_3,
          hellmonk_guarded_unrand_cigotuvi
Temple:   mainiacjoe_temple_archimedes_tessellation
Lair:1:   layout_misc_corridors, wad_woods_road_05, uniq_nergalle
Lair:2:   layout_chaotic_city, skrybe_swamp_entry_bodies,
          nicolae_spider_entry_non_spiders
Lair:3:   layout_roguey, lemuel_fruit_tree, uniq_rupert

Skill      XL: |  1  2  3  4  5  6  7  8  9 10 11 12 |
---------------+-------------------------------------+-----
Axes           | 2 3 4 5 6 7 8 10 11 13 | 13.1
Fighting       | 4 6 7 9 10 | 10.0
Dodging        | 1 2 |  2.4
Invocations    | 2 4 7 10 | 10.0
Armour         | 4 5 6 8 9 |  9.0
Shields        | 4 5 6 |  6.1
Throwing       | 3 |  3.6

Action                     |  1- 3 |  4- 6 |  7- 9 | 10-12 | 13-15 || total
---------------------------+-------+-------+-------+-------+-------++-------
  Melee: War axe           |   143 |   164 |   205 |   613 |    16 ||  1141
  Throw: Javelin           |       |       |       |    41 |       ||    41
         Boomerang         |       |       |       |     3 |       ||     3
 Invoke: Heroism           |       |       |     9 |    23 |     1 ||    33
         Finesse           |       |       |       |       |     1 ||     1
    Use: Scroll            |     5 |    15 |     5 |     6 |       ||    31
         Potion            |     1 |     1 |     2 |     4 |       ||     8
 Armour: Scale mail        |    78 |    45 |       |       |       ||   123
         Chain mail        |       |    48 |   171 |    85 |       ||   304
         Plate armour      |       |       |       |   324 |     5 ||   329
  Dodge: Dodged            |    50 |    61 |    96 |   193 |     3 ||   403
  Block: Buckler           |    19 |    33 |    49 |   152 |     3 ||   256

Table legend:
 A = Non-vault XP
 B = Vault XP
 C = Vault XP percentage of total XP
 D = Non-vault monster count
 E = Vault monster count
 F = Vault count percentage of total count
                 A         B        C        D         E       F
            +---------+---------+-------+---------+---------+-------
      Total |   25018 |    7481 |  23.0 |     276 |      44 |  13.8
            +---------+---------+-------+---------+---------+-------
        D:1 |      51 |       6 |  10.5 |      32 |       5 |  13.5
        D:2 |     124 |      43 |  25.7 |      22 |       4 |  15.4
        D:3 |      51 |       0 |   0.0 |      17 |       0 |   0.0
        D:4 |     115 |       0 |   0.0 |       9 |       0 |   0.0
        D:5 |     822 |      96 |  10.5 |      20 |       1 |   4.8
        D:6 |     467 |       0 |   0.0 |       9 |       0 |   0.0
        D:7 |    1409 |       0 |   0.0 |      25 |       0 |   0.0
        D:8 |    1376 |     749 |  35.2 |      18 |       2 |  10.0
        D:9 |    3416 |    1387 |  28.9 |      43 |       3 |   6.5
       D:10 |    2434 |    3065 |  55.7 |      21 |      19 |  47.5
     Lair:1 |    3235 |     783 |  19.5 |       9 |       1 |  10.0
     Lair:2 |   11518 |    1352 |  10.5 |      51 |       9 |  15.0
            +---------+---------+-------+---------+---------+-------
